[Event "Titled Tuesday Blitz July 25 Early 2023"]
[White "Khusenkhojaev, Muhammad"]
[Black "Avazkhonov, Alikhon"]
[WhiteFideId "14700247"]
[BlackFideId "14208504"]
[WhiteElo "2615"]
[BlackElo "2451"]
[Result "1-0"]
[Round "5"]
[TimeControl "180+2"]
[Date "2023.07.25"]
[WhiteClock "0:01:58"]
[BlackClock "0:00:43"]
[Board "103"]

1. e4 c5 2. Nf3 d6 3. d4 cxd4 4. Nxd4 Nf6 5. Nc3 a6 6. Bg5 e6 7. f4 h6 8. Bh4 Be7 9. Qf3 Qc7 10. O-O-O Nbd7 11. Bd3 g5 12. fxg5 Ne5 13. Qe2 Nfg4 14. Nf3 Nxf3 15. gxf3 hxg5 16. Bg3 Ne5 17. Kb1 Bd7 18. Qf2 O-O-O 19. Be2 Kb8 20. h4 gxh4 21. Bxh4 Bxh4 22. Rxh4 Qc5 23. Qxc5 dxc5 24. Rxh8 Rxh8 25. f4 1-0


[Site "https://www.chess.com"]

[Event "Titled Tuesday Blitz July 25 Early 2023"]
[White "whiteglovethief"]
[Black "Ganiev, Roman"]
[BlackFideId "4131452"]
[WhiteElo "2451"]
[BlackElo "2615"]
[Result "1-0"]
[Round "5"]
[TimeControl "180+2"]
[Date "2023.07.25"]
[WhiteClock "0:00:18"]
[BlackClock "0:00:04"]
[Board "104"]

1. d4 Nf6 2. c4 e6 3. Nf3 b6 4. a3 Bb7 5. Nc3 d5 6. cxd5 Nxd5 7. Qc2 Be7 8. e4 Nxc3 9. bxc3 O-O 10. Bd3 c5 11. O-O cxd4 12. cxd4 Nc6 13. Be3 Rc8 14. Qe2 Na5 15. Rfd1 Bf6 16. Rab1 Be7 17. a4 Qc7 18. d5 exd5 19. exd5 h6 20. Ba6 Bd6 21. Bxb7 Qxb7 22. Nh4 Qd7 23. Qf3 Rfe8 24. Nf5 Bf8 25. Qg4 Kh7 26. Nxh6 Qxg4 27. Nxg4 Rc4 28. h3 f5 29. Nh2 Rxa4 30. Nf3 f4 31. Bd4 Nc4 32. Bc3 Kg6 33. Nd4 Nd6 34. Nc6 Rc4 35. Bb4 Ra8 36. Ne5+ Kf5 37. Nxc4 Nxc4 38. Bxf8 Rxf8 39. d6 Rd8 40. Rb4 Nxd6 41. Rbd4 Ke5 42. Rd5+ Ke6 43. Rg5 Rd7 44. Rg6+ Ke5 45. g4 fxg3 46. fxg3 a5 47. g4 a4 48. Rg5+ Ke4 49. Rgd5 a3 50. R5d3 b5 51. Rb3 b4 52. Rxb4+ Ke3 53. Rb3+ Ke2 54. Rd5 Ra7 55. Rxa3 Rxa3 56. Rxd6 Rxh3 57. Kg2 Rh7 58. Re6+ Kd3 59. Re7 Kd4 60. Kg3 Kd5 61. Kf4 Kd6 62. Re1 Rh2 63. Kf5 Rf2+ 64. Kg6 Rg2 65. g5 Kd5 66. Re7 Kd6 67. Rxg7 Ke6 68. Rg8 Rg1 69. Re8+ Kd7 70. Re2 Rg2 71. Rxg2 1-0


[Site "https://www.chess.com"]

[Event "Titled Tuesday Blitz July 25 Early 2023"]
[White "Parpiev, Isaak"]
[Black "Yashmetov, Mikhail"]
[WhiteFideId "34281576"]
[BlackFideId "24198900"]
[WhiteElo "2613"]
[BlackElo "2450"]
[Result "1-0"]
[Round "5"]
[TimeControl "180+2"]
[Date "2023.07.25"]
[WhiteClock "0:01:32"]
[BlackClock "0:01:32"]
[Board "105"]

1. d4 Nf6 2. c4 e6 3. Nc3 d5 4. cxd5 exd5 5. Bg5 c6 6. e3 Bd6 7. Bd3 h6 8. Bh4 O-O 9. Qc2 a5 10. Nge2 Na6 11. a3 b5 12. O-O Nc7 13. f3 Ne6 14. Kh1 Qc7 15. Bxf6 gxf6 16. f4 Ng7 17. Rac1 Ra7 18. e4 dxe4 19. Nxe4 Bb7 20. Nxf6+ Kh8 21. Bxb5 Qe7 22. Qh7# 1-0


[Site "https://www.chess.com"]

[Event "Titled Tuesday Blitz July 25 Early 2023"]
[White "NicolaiMaxime"]
[Black "Devaev, Alexander"]
[BlackFideId "4169395"]
[WhiteElo "2609"]
[BlackElo "2448"]
[Result "0-1"]
[Round "5"]
[TimeControl "180+2"]
[Date "2023.07.25"]
[WhiteClock "0:00:35"]
[BlackClock "0:00:45"]
[Board "106"]

1. e4 c6 2. d4 d5 3. exd5 cxd5 4. Bd3 Nc6 5. c3 g6 6. h3 Bf5 7. Qc2 e6 8. g4 Bxd3 9. Qxd3 h5 10. g5 Bd6 11. f4 Nge7 12. Ne2 Nf5 13. Nd2 O-O 14. Nf1 Rb8 15. Ne3 Nce7 16. O-O b5 17. b3 Qc7 18. Bb2 Rfc8 19. Rac1 a5 20. Ba1 Qb6 21. c4 bxc4 22. bxc4 dxc4 23. Nxc4 Qa6 24. Rfd1 Nd5 25. Rc2 Nb4 26. Qc3 Nxc2 27. d5 Nxa1 28. dxe6 Qxc4 29. exf7+ Qxf7 30. Qxa5 Nc2 31. Qa4 Nce3 32. Re1 Bc5 33. Kh2 Ra8 34. Qe4 Rxa2 35. Kh1 Re8 36. Qc6 Qd5+ 37. Qxd5+ Nxd5 38. Rb1 Rexe2 39. Rb8+ Bf8 40. Rb7 Rh2+ 41. Kg1 Rag2+ 42. Kf1 Nde3+ 43. Ke1 Bb4+ 44. Rxb4 Rh1# 0-1


[Site "https://www.chess.com"]

[Event "Titled Tuesday Blitz July 25 Early 2023"]
[White "Pinero Rodriguez, Carlos Jose"]
[Black "Novikov, Evgenij"]
[WhiteFideId "3901726"]
[BlackFideId "4125380"]
[WhiteElo "2607"]
[BlackElo "2445"]
[Result "1-0"]
[Round "5"]
[TimeControl "180+2"]
[Date "2023.07.25"]
[WhiteClock "0:00:13"]
[BlackClock "0:00:00"]
[Board "107"]

1. b3 d5 2. Bb2 c5 3. Nf3 Nf6 4. e3 a6 5. c4 Nc6 6. cxd5 Nxd5 7. a3 e6 8. Qc2 b6 9. d3 Bb7 10. Nbd2 Rc8 11. Be2 Be7 12. Ne4 O-O 13. O-O Nf6 14. Ned2 Qc7 15. Rac1 Qb8 16. Qb1 Rfd8 17. Rfd1 Ne8 18. Ne4 h6 19. Qa1 Bf8 20. Qb1 Nd6 21. Ng3 Re8 22. Nh5 e5 23. Ng3 Rcd8 24. Nd2 Qa8 25. Bf3 Na5 26. Bxb7 Qxb7 27. Bc3 Nc6 28. Qb2 Nb5 29. Nc4 Nxc3 30. Qxc3 g6 31. Qc2 Bg7 32. Ne2 Rd7 33. Nb2 Red8 34. Nc3 Ne7 35. Nc4 Nf5 36. Na4 Nh4 37. f3 b5 38. Nxc5 Qa7 39. Nxd7 bxc4 40. dxc4 Rxd7 41. Rxd7 Qxd7 42. c5 Nf5 43. Kf2 Qa7 44. b4 Bf8 45. Rd1 a5 46. g4 Ne7 47. Qc4 axb4 48. axb4 Nc6 49. b5 Na5 50. b6 Qb7 51. Qb5 Nc6 52. Ra1 h5 53. gxh5 gxh5 54. Rg1+ Kh8 55. Qc4 Qd7 56. Ke2 Bg7 57. Rd1 1-0


[Site "https://www.chess.com"]

[Event "Titled Tuesday Blitz July 25 Early 2023"]
[White "Agibileg, Uurtsaikh"]
[Black "Bendayan Claros, Aaron"]
[WhiteFideId "4901606"]
[BlackFideId "3803392"]
[WhiteElo "2603"]
[BlackElo "2443"]
[Result "1-0"]
[Round "5"]
[TimeControl "180+2"]
[Date "2023.07.25"]
[WhiteClock "0:01:15"]
[BlackClock "0:00:00"]
[Board "108"]

1. d4 d5 2. c4 e6 3. Nc3 c6 4. Nf3 f5 5. g3 Bd6 6. Bg2 Nf6 7. O-O Ne4 8. Qc2 O-O 9. Bf4 Qc7 10. e3 Nd7 11. c5 Bxf4 12. gxf4 Kh8 13. b4 Qd8 14. a4 h6 15. b5 g6 16. Rfb1 g5 17. fxg5 hxg5 18. Nxe4 fxe4 19. Nd2 Qf6 20. Nf1 e5 21. Rd1 exd4 22. exd4 Qh6 23. Ne3 Nf6 24. bxc6 bxc6 25. Qe2 Qh4 26. f3 exf3 27. Qxf3 Bg4 28. Nxg4 Nxg4 29. Qg3 Qxg3 30. hxg3 Rab8 31. Rab1 Ne3 32. Re1 Nc2 33. Rxb8 Rxb8 34. Re7 Nxd4 35. Rxa7 Nb3 36. Rc7 Nxc5 37. Rxc6 Nxa4 38. Bxd5 Kg7 39. Kg2 Nb6 40. Be4 Kf7 41. Kf3 Nd7 42. Bd5+ Ke7 43. Re6+ Kd8 44. Kg4 Rb5 45. Be4 Rc5 46. Bf5 Nf8 47. Ra6 Ke7 48. Kxg5 1-0


[Site "https://www.chess.com"]

[Event "Titled Tuesday Blitz July 25 Early 2023"]
[White "Sipila, Vilka"]
[Black "Reprintsev, Alexander"]
[WhiteFideId "505455"]
[BlackFideId "14100541"]
[WhiteElo "2601"]
[BlackElo "2443"]
[Result "1-0"]
[Round "5"]
[TimeControl "180+2"]
[Date "2023.07.25"]
[WhiteClock "0:00:04"]
[BlackClock "0:00:12"]
[Board "109"]

1. Nf3 Nc6 2. d4 d5 3. g3 Bf5 4. Bg2 Nb4 5. Na3 e6 6. O-O h6 7. c4 Nf6 8. Ne5 c6 9. c5 a5 10. Bd2 Be7 11. Qb3 O-O 12. Bxb4 axb4 13. Qxb4 b5 14. Nxc6 Qe8 15. Qxb5 Ne4 16. f3 Nd2 17. Rfd1 Nc4 18. Nxc4 dxc4 19. e4 Bg6 20. Nxe7+ Qxe7 21. Qxc4 f5 22. d5 fxe4 23. d6 Qf6 24. fxe4 Qxb2 25. d7 Rad8 26. c6 Rf2 27. Qxe6+ Bf7 28. Qh3 Qb6 29. Kh1 Qxc6 30. e5 Qa6 31. Rd6 Qe2 32. e6 Bg6 33. Rd4 Rf6 34. Rc1 Rxe6 35. Rc8 Qe1+ 36. Bf1 Be4+ 37. Rxe4 Qxe4+ 38. Qg2 Qd4 39. Rxd8+ Kh7 40. Qc2+ Rg6 41. Rh8+ Kxh8 42. Qxg6 Qxd7 43. Bd3 Qd5+ 44. Be4 Qd1+ 45. Kg2 Kg8 46. Qe8# 1-0


[Site "https://www.chess.com"]

[Event "Titled Tuesday Blitz July 25 Early 2023"]
[White "Vivas Zamora, Fabian Ernesto"]
[Black "Veiga, Jose Francisco R P Neves"]
[WhiteFideId "3902480"]
[BlackFideId "1930087"]
[WhiteElo "2440"]
[BlackElo "2596"]
[Result "1-0"]
[Round "5"]
[TimeControl "180+2"]
[Date "2023.07.25"]
[WhiteClock "0:00:17"]
[BlackClock "0:00:03"]
[Board "110"]

1. e4 Nc6 2. d4 d5 3. e5 Bf5 4. c3 e6 5. f4 f6 6. Bd3 Nh6 7. Be3 Be7 8. Ne2 O-O 9. O-O fxe5 10. fxe5 Ng4 11. Bf4 Bg5 12. Qd2 Bxd3 13. Qxd3 Bxf4 14. Nxf4 Qg5 15. Qg3 Rf5 16. Nd2 Raf8 17. Nxe6 Qxd2 18. Nxf8 Ne3 19. Ne6 g6 20. Rxf5 Nxf5 21. Qf2 Qd3 22. Nxc7 Na5 23. Qf3 Qd2 24. Qxd5+ Kg7 25. Ne6+ Kh6 26. Qf3 Qe3+ 27. Qxe3+ Nxe3 28. b3 Nc6 29. c4 b5 30. cxb5 Ne7 31. Rc1 N3d5 32. a4 g5 33. a5 Kg6 34. Nc7 Kf5 35. Nxd5 Nxd5 36. b6 axb6 37. a6 1-0


[Site "https://www.chess.com"]

[Event "Titled Tuesday Blitz July 25 Early 2023"]
[White "Semenenko, Dmytry"]
[Black "Castaneda, Jhon David"]
[WhiteFideId "14118645"]
[BlackFideId "4405048"]
[WhiteElo "2439"]
[BlackElo "2595"]
[Result "0-1"]
[Round "5"]
[TimeControl "180+2"]
[Date "2023.07.25"]
[WhiteClock "0:00:11"]
[BlackClock "0:00:12"]
[Board "111"]

1. Nf3 d5 2. c4 e6 3. d4 Nf6 4. Nc3 dxc4 5. e3 a6 6. Bxc4 b5 7. Bd3 Bb7 8. O-O Nbd7 9. e4 c5 10. e5 cxd4 11. exf6 dxc3 12. fxg7 Bxg7 13. bxc3 Nc5 14. Be2 Ne4 15. Qc2 Rc8 16. a4 Nxc3 17. Bb2 b4 18. Bxc3 Rxc3 19. Qb2 a5 20. Bb5+ Kf8 21. Rad1 Bd5 22. Qd2 Qf6 23. Rfe1 Bh6 24. Qe2 Rxf3 25. Rxd5 Rxf2 26. Rd8+ Qxd8 27. Qxf2 Qd5 28. Qh4 Bg7 29. Bc4 Qd4+ 30. Qxd4 Bxd4+ 31. Kh1 Ke7 32. Re4 e5 33. g4 f6 34. h4 Rc8 35. Bb5 Rc3 36. Re1 Rh3+ 37. Kg2 Rxh4 38. Kf3 Rh3+ 39. Ke4 Rg3 40. Be2 Re3+ 41. Kd5 b3 42. g5 fxg5 0-1


[Site "https://www.chess.com"]

[Event "Titled Tuesday Blitz July 25 Early 2023"]
[White "Nurgaliyeva, Zarina"]
[Black "Rietze, Clemens, Dr."]
[WhiteFideId "13730096"]
[BlackFideId "24620351"]
[WhiteElo "2595"]
[BlackElo "2437"]
[Result "1-0"]
[Round "5"]
[TimeControl "180+2"]
[Date "2023.07.25"]
[WhiteClock "0:00:19"]
[BlackClock "0:00:26"]
[Board "112"]

1. e4 c5 2. Nf3 Nc6 3. Bb5 e6 4. O-O Nge7 5. d4 cxd4 6. Nxd4 Ng6 7. Nxc6 bxc6 8. Be2 d5 9. exd5 cxd5 10. c4 d4 11. Bf3 Rb8 12. Qa4+ Bd7 13. Qxa7 Nh4 14. Be4 f5 15. Bc2 Bc6 16. Ba4 Rc8 17. Re1 Qd6 18. b3 Bxa4 19. Qxa4+ Kf7 20. Ba3 Qc7 21. Bxf8 Rhxf8 22. Qa6 Rfe8 23. Nd2 Rb8 24. g3 Rb6 25. Qa5 Ng6 26. Nf3 Rb7 27. Qxc7+ Rxc7 28. Nxd4 Ne5 29. Rxe5 Kf6 30. f4 Rd7 31. Nxf5 Red8 32. Ne3 Rd2 33. Ng4+ Kf7 34. Rae1 h5 35. Nf2 Rxa2 36. R5e2 Ra3 37. Rxe6 Rxb3 38. Nh3 Kg8 39. Ng5 Rbb8 40. c5 Rbc8 41. c6 Rf8 42. R1e5 Rc7 43. Rc5 Rfc8 44. Rd6 Kf8 45. Ne6+ Ke7 46. Rcd5 Rxc6 47. Rxc6 Rxc6 48. Nxg7 Rc1+ 49. Kg2 Kf7 50. Nxh5 Kg6 51. g4 Rc2+ 52. Kg3 Rc3+ 53. Kh4 Rc2 54. Rd6+ Kf7 55. Kg5 Rxh2 56. Rd7+ Ke6 57. Ra7 Kd5 58. f5 Ke4 59. f6 Rb2 60. f7 Rb5+ 61. Kg6 Rb8 62. Nf6+ Kf3 63. Kg7 Kf4 64. f8=Q Rxf8 65. Kxf8 Kg5 66. Kg7 Kh4 67. Kg6 Kg3 68. g5 Kf4 69. Kh6 Ke5 70. g6 Kf4 71. g7 Ke5 72. g8=Q Kf5 73. Qg5+ Ke6 74. Ra6+ Ke7 75. Qg7+ Kd8 76. Ra8# 1-0


[Site "https://www.chess.com"]

[Event "Titled Tuesday Blitz July 25 Early 2023"]
[White "Tologon tegin, Semetei"]
[Black "Ionescu, Mihai"]
[WhiteFideId "13800574"]
[BlackFideId "1202499"]
[WhiteElo "2590"]
[BlackElo "2436"]
[Result "1/2-1/2"]
[Round "5"]
[TimeControl "180+2"]
[Date "2023.07.25"]
[WhiteClock "0:00:42"]
[BlackClock "0:00:07"]
[Board "113"]

1. b3 g6 2. Bb2 Nf6 3. e4 d6 4. Nf3 Bg7 5. h4 h5 6. Ng5 O-O 7. d3 c5 8. Nd2 Nc6 9. Be2 Bg4 10. f3 Bd7 11. Nc4 b5 12. Ne3 Nh7 13. Bxg7 Kxg7 14. Nxh7 Kxh7 15. g4 e6 16. gxh5 gxh5 17. f4 Qf6 18. Bxh5 Qxf4 19. Qe2 Nd4 20. Qf2 Qxe3+ 21. Qxe3 Nxc2+ 22. Kd2 Nxe3 23. Kxe3 f5 24. exf5 Rxf5 25. Bf3 Rxf3+ 26. Kxf3 Bc6+ 27. Ke3 Bxh1 28. Rxh1 Rf8 29. a4 bxa4 30. bxa4 Rg8 31. Rb1 Kh6 32. Rb7 Rg7 33. Rb8 Rg4 34. Rh8+ Kg7 35. Rd8 Rxa4 36. Rxd6 Rxh4 37. Rxe6 Kf8 38. Ra6 Rh7 39. Ke4 Rc7 40. Kd5 Ke7 41. Rc6 Rxc6 42. Kxc6 Kd8 43. Kxc5 Kc7 44. Kb5 Kd6 45. Ka6 Kd5 46. Kxa7 Kd4 47. Kb6 Kxd3 1/2-1/2


[Site "https://www.chess.com"]

[Event "Titled Tuesday Blitz July 25 Early 2023"]
[White "Begunov, Konstantin"]
[Black "Al-Tarboush, Ward"]
[WhiteFideId "4118510"]
[BlackFideId "7601450"]
[WhiteElo "2434"]
[BlackElo "2578"]
[Result "0-1"]
[Round "5"]
[TimeControl "180+2"]
[Date "2023.07.25"]
[WhiteClock "0:00:00"]
[BlackClock "0:00:52"]
[Board "114"]

1. d4 d5 2. c4 c6 3. Nc3 Nf6 4. Nf3 dxc4 5. a4 Bf5 6. e3 e6 7. Bxc4 Bb4 8. O-O Nbd7 9. Qe2 Bg6 10. Bd2 O-O 11. Rac1 Qe7 12. Bb3 e5 13. dxe5 Nxe5 14. Nxe5 Qxe5 15. f3 Rad8 16. e4 Nh5 17. f4 Qd4+ 18. Be3 Qd3 19. f5 Qxe2 20. Nxe2 Rd3 21. Bc4 Rxe3 22. fxg6 hxg6 23. Rf3 Rxe4 24. b3 Nf6 25. Ng3 Re5 26. Rd1 Rfe8 27. Nf1 Bc5+ 28. Kh1 Re1 29. Rfd3 Ng4 30. Rd7 Nf2+ 31. Kg1 Nxd1+ 0-1


[Site "https://www.chess.com"]

[Event "Titled Tuesday Blitz July 25 Early 2023"]
[White "Sadykov, Ramil"]
[Black "Manukian, Artak"]
[WhiteFideId "24113590"]
[BlackFideId "13301373"]
[WhiteElo "2578"]
[BlackElo "2433"]
[Result "1/2-1/2"]
[Round "5"]
[TimeControl "180+2"]
[Date "2023.07.25"]
[WhiteClock "0:00:22"]
[BlackClock "0:01:02"]
[Board "115"]

1. e4 c6 2. d4 d5 3. e5 Bf5 4. Nc3 e6 5. g4 Bg6 6. Nge2 c5 7. h4 h5 8. Nf4 Bh7 9. g5 cxd4 10. Nb5 Nc6 11. Qxh5 g6 12. Qe2 a6 13. Nd6+ Bxd6 14. exd6 Qxd6 15. Nd3 e5 16. Bf4 Kf8 17. Bxe5 Nxe5 18. Nxe5 Re8 19. f4 f6 20. gxf6 Nxf6 21. O-O-O Kg7 22. Rxd4 Nd7 23. Bg2 Nxe5 24. Rxd5 Nc6 25. Qd2 Qf6 26. Rd7+ Re7 27. Bxc6 bxc6 1/2-1/2


[Site "https://www.chess.com"]

[Event "Titled Tuesday Blitz July 25 Early 2023"]
[White "Fernandez, Fernando"]
[Black "Rangel, Daniel"]
[WhiteFideId "3802299"]
[BlackFideId "2124475"]
[WhiteElo "2571"]
[BlackElo "2429"]
[Result "0-1"]
[Round "5"]
[TimeControl "180+2"]
[Date "2023.07.25"]
[WhiteClock "0:00:00"]
[BlackClock "0:00:07"]
[Board "116"]

1. Nf3 Nf6 2. g3 e6 3. Bg2 d5 4. c4 Be7 5. d4 O-O 6. O-O a5 7. Qc2 c6 8. Bf4 b5 9. cxb5 cxb5 10. Rc1 Na6 11. Nc3 b4 12. Nb5 Bb7 13. a4 Rc8 14. Qd1 Nd7 15. Ne5 Nxe5 16. dxe5 Qd7 17. h4 Rxc1 18. Rxc1 Rc8 19. Nd6 Rxc1 20. Qxc1 Bc6 21. b3 h6 22. h5 f6 23. Nb5 fxe5 24. Bxe5 Bxb5 25. axb5 Nc5 26. b6 Qb5 27. Bc7 Bf6 28. Bh3 Kf7 29. Qe3 Ne4 30. Kg2 Qc6 31. Qf3 Ng5 32. Qf4 d4+ 33. f3 Qd5 34. Qc1 d3 0-1


[Site "https://www.chess.com"]

[Event "Titled Tuesday Blitz July 25 Early 2023"]
[White "Vovk, Orest"]
[Black "JonSnowNW1"]
[WhiteFideId "14113490"]
[WhiteElo "2570"]
[BlackElo "2428"]
[Result "1-0"]
[Round "5"]
[TimeControl "180+2"]
[Date "2023.07.25"]
[WhiteClock "0:00:06"]
[BlackClock "0:00:00"]
[Board "117"]

1. h4 d5 2. h5 Nf6 3. h6 g6 4. Nc3 d4 5. Nb5 a6 6. Na3 b5 7. c3 Bb7 8. Nf3 c5 9. cxd4 cxd4 10. d3 e6 11. Nc2 Nc6 12. g3 Ne5 13. Bg2 Nxf3+ 14. Bxf3 Bxf3 15. exf3 Rc8 16. O-O Ng8 17. a4 Bxh6 18. Bxh6 Nxh6 19. axb5 axb5 20. Na3 Qd5 21. Kg2 O-O 22. Qd2 Ng4 23. Rh1 h5 24. Rh4 Kg7 25. Rah1 Rh8 26. Qf4 Nf6 27. Qxd4 Qxd4 28. Rxd4 Rc5 29. Rb4 Rb8 30. d4 Rc6 31. Re1 Rcb6 32. Re5 Nd5 33. Rb3 b4 34. Nc2 Rc6 35. Ne3 Nxe3+ 36. Rexe3 Rc4 37. Re4 Rd8 38. d5 exd5 39. Rxc4 dxc4 40. Rxb4 Rc8 41. Rb5 c3 42. bxc3 Rxc3 43. Rb6 Rc4 44. f4 Rc3 45. Rd6 Rc7 46. Rd5 Re7 47. f5 Kf8 48. f6 Re8 49. Rd7 Kg8 50. Kf3 Re6 51. Rd8+ Kh7 52. Kg2 Rxf6 53. f4 Kg7 54. Kh3 Re6 55. Rd7 Kf6 56. Rd5 Re3 57. Rd6+ Kg7 58. Ra6 Rc3 59. Rb6 Rd3 60. Ra6 f6 61. Ra7+ Kh6 62. Rf7 Rd6 63. Rf8 g5 64. fxg5+ fxg5 65. Rf2 Kg6 66. Kg2 h4 67. gxh4 gxh4 68. Kh3 Rd3+ 69. Kxh4 Rd4+ 70. Kg3 Rd3+ 71. Kf4 Rd6 72. Ke5 Ra6 73. Rg2+ Kf7 74. Rg1 Ke7 75. Rg7+ Kf8 76. Rb7 Ra5+ 77. Kd6 Ra6+ 78. Ke5 Rf6 79. Kxf6 Kg8 80. Rf7 1-0


[Site "https://www.chess.com"]

[Event "Titled Tuesday Blitz July 25 Early 2023"]
[White "Carrasco Miranda, Andres"]
[Black "Ibadov, Dashgyn"]
[WhiteFideId "3405990"]
[BlackFideId "24107514"]
[WhiteElo "2428"]
[BlackElo "2567"]
[Result "0-1"]
[Round "5"]
[TimeControl "180+2"]
[Date "2023.07.25"]
[WhiteClock "0:00:11"]
[BlackClock "0:00:56"]
[Board "118"]

1. d4 Nf6 2. c4 c5 3. d5 d6 4. Nc3 g6 5. g3 Bg7 6. Bg2 O-O 7. Nf3 e6 8. O-O exd5 9. cxd5 Re8 10. Bf4 Bf5 11. Ne1 Ne4 12. Nxe4 Bxe4 13. Bxe4 Rxe4 14. Qc2 Re8 15. Rb1 Qe7 16. b4 Nd7 17. Nd3 Rac8 18. bxc5 Nxc5 19. Nxc5 Rxc5 20. Qd3 b6 21. Rfe1 Be5 22. Bxe5 Qxe5 23. e4 Rc3 24. Qd2 Rec8 25. Rb2 R3c4 26. Qd3 Qxb2 0-1


[Site "https://www.chess.com"]

[Event "Titled Tuesday Blitz July 25 Early 2023"]
[White "Alvarado Diaz, Alejandro"]
[Black "Thecourseoisildur"]
[WhiteFideId "2276119"]
[WhiteElo "2427"]
[BlackElo "2565"]
[Result "0-1"]
[Round "5"]
[TimeControl "180+2"]
[Date "2023.07.25"]
[WhiteClock "0:00:00"]
[BlackClock "0:00:07"]
[Board "119"]

1. d4 Nf6 2. Bg5 h5 3. Bxf6 exf6 4. e3 d5 5. Nf3 c6 6. Bd3 Bd6 7. Nbd2 Be6 8. c4 Nd7 9. Rc1 g6 10. a3 f5 11. cxd5 cxd5 12. Qe2 Nf6 13. Ne5 Ne4 14. O-O h4 15. f3 Nxd2 16. Qxd2 h3 17. g3 Bxe5 18. dxe5 Qb6 19. Kh1 O-O 20. Rfe1 Rac8 21. Bf1 Qb3 22. Bxh3 Rfd8 23. Qd4 Rc2 24. Rxc2 Qxc2 25. Bf1 Rc8 26. Kg1 b6 27. Bd3 Qb3 28. Bf1 a5 29. Re2 Rc1 30. Kg2 Bd7 31. Rf2 Rd1 32. Qf4 Bb5 33. Bxb5 Qxb5 34. h4 Qc6 35. e6 Qc1 0-1


[Site "https://www.chess.com"]

[Event "Titled Tuesday Blitz July 25 Early 2023"]
[White "Miszler, Levente"]
[Black "Yurovskykh, Oleksandr"]
[WhiteFideId "763276"]
[BlackFideId "14134020"]
[WhiteElo "2420"]
[BlackElo "2557"]
[Result "0-1"]
[Round "5"]
[TimeControl "180+2"]
[Date "2023.07.25"]
[WhiteClock "0:00:05"]
[BlackClock "0:00:04"]
[Board "120"]

1. Nf3 Nf6 2. c4 e6 3. g3 d5 4. Bg2 dxc4 5. O-O c5 6. Qa4+ Bd7 7. Qxc4 Bc6 8. d3 Nbd7 9. Bf4 Be7 10. Nbd2 O-O 11. Rac1 Rc8 12. Ne5 Bxg2 13. Kxg2 Nxe5 14. Bxe5 Qd7 15. Nf3 b6 16. Rfd1 Rfd8 17. Qa6 Nd5 18. d4 Nb4 19. Qa3 Qb7 20. dxc5 Rxd1 21. Rxd1 Bxc5 22. Qa4 Nd5 23. e4 b5 24. Qb3 Nf6 25. Bxf6 gxf6 26. Qd3 Kg7 27. Rc1 Bb6 28. Rc3 Rxc3 29. bxc3 a6 30. Nd4 Qc7 31. f3 Qc5 32. h4 b4 33. Ne2 a5 34. cxb4 axb4 35. Kh3 Qf2 36. Nf4 Qxa2 37. Nh5+ Kg6 38. g4 Qf2 39. Ng3 Bc7 40. e5+ Kg7 41. exf6+ Kxf6 42. Nh5+ Ke7 43. f4 Qc5 44. Qxh7 Qc3+ 45. Kg2 b3 46. Qh8 Qxh8 0-1


[Site "https://www.chess.com"]

[Event "Titled Tuesday Blitz July 25 Early 2023"]
[White "Goncalves, Davi Sulzbacher"]
[Black "Kochiev, Ivan"]
[WhiteFideId "2154510"]
[BlackFideId "2917890"]
[WhiteElo "2417"]
[BlackElo "2550"]
[Result "0-1"]
[Round "5"]
[TimeControl "180+2"]
[Date "2023.07.25"]
[WhiteClock "0:00:00"]
[BlackClock "0:00:17"]
[Board "121"]

1. d4 Nf6 2. c4 e6 3. Nc3 c5 4. d5 exd5 5. cxd5 d6 6. e4 g6 7. f3 h5 8. Bd3 Bg7 9. Nge2 O-O 10. O-O Qe7 11. Bg5 Nbd7 12. Bc2 a6 13. a4 Rb8 14. a5 b5 15. axb6 Rxb6 16. b3 Ne5 17. h3 c4 18. f4 cxb3 19. Qd4 Ned7 20. Bd3 Qe8 21. Rae1 Nh7 22. Qe3 Nxg5 23. fxg5 Nc5 24. Bb1 a5 25. Nd4 Ba6 26. Rf2 Qe5 27. Nce2 Bxe2 28. Nxe2 a4 29. Nf4 a3 0-1


[Site "https://www.chess.com"]

[Event "Titled Tuesday Blitz July 25 Early 2023"]
[White "Fiorito, Francisco"]
[Black "Pandey Srishti"]
[WhiteFideId "180165"]
[BlackFideId "35093290"]
[WhiteElo "2549"]
[BlackElo "2416"]
[Result "1/2-1/2"]
[Round "5"]
[TimeControl "180+2"]
[Date "2023.07.25"]
[WhiteClock "0:00:08"]
[BlackClock "0:00:15"]
[Board "122"]

1. e4 e5 2. Nf3 Nc6 3. Bb5 a6 4. Bxc6 dxc6 5. d3 f6 6. O-O Bd6 7. Nc3 Ne7 8. Ne2 Bg4 9. Ng3 Qd7 10. h3 Be6 11. c3 O-O-O 12. Qe2 Bc5 13. Rd1 Qe8 14. d4 exd4 15. cxd4 Bb6 16. Be3 h5 17. Rac1 h4 18. Nf1 g5 19. d5 Bxe3 20. Qxe3 cxd5 21. Qa7 Nc6 22. Qa8+ Nb8 23. exd5 Bxd5 24. Nd4 g4 25. Ne3 gxh3 26. Ndf5 Bc6 27. Qa7 Rxd1+ 28. Rxd1 hxg2 29. Qd4 h3 30. Kh2 Nd7 31. Ng3 Qe5 32. Qg4 Qxb2 33. Nef5 Qxf2 34. Ne7+ Kb8 35. Rg1 Re8 36. Nxc6+ bxc6 37. Qxd7 Re3 38. Qd8+ Kb7 39. Qg8 Re1 40. Qb3+ Kc8 41. Qg8+ Kb7 42. Qb3+ Ka8 43. Qg8+ Ka7 44. Kxh3 Qxg1 45. Qf7 Qf2 46. Qxc7+ Ka8 47. Qc8+ Ka7 48. Qc7+ Ka8 49. Qc8+ Ka7 50. Qc7+ 1/2-1/2


[Site "https://www.chess.com"]

[Event "Titled Tuesday Blitz July 25 Early 2023"]
[White "Hansch, Karsten"]
[Black "Molina Carretero, Daniel"]
[WhiteFideId "24692239"]
[BlackFideId "32071914"]
[WhiteElo "2548"]
[BlackElo "2415"]
[Result "1/2-1/2"]
[Round "5"]
[TimeControl "180+2"]
[Date "2023.07.25"]
[WhiteClock "0:00:07"]
[BlackClock "0:00:09"]
[Board "123"]

1. e4 c5 2. Nf3 d6 3. d4 cxd4 4. Nxd4 Nf6 5. Nc3 g6 6. Be3 Bg7 7. f3 Nc6 8. Qd2 O-O 9. O-O-O d5 10. exd5 Nxd5 11. Nxd5 Qxd5 12. Nxc6 Qxc6 13. Bh6 Bxh6 14. Qxh6 Bf5 15. Bd3 Bxd3 16. Rxd3 Rfc8 17. Qd2 Qa4 18. Kb1 e5 19. Re1 Rc5 20. Re4 Qc6 21. c3 f5 22. Rd8+ Rxd8 23. Qxd8+ Kf7 24. Re2 Rd5 25. Qh8 Rd1+ 26. Kc2 Qd5 27. Qxh7+ Kf6 28. Qh8+ Kf7 29. Qh7+ Kf6 30. Qh8+ Kg5 31. Qxe5 Rd2+ 32. Kc1 Rd1+ 33. Kc2 Rd2+ 34. Kc1 Rd1+ 35. Kc2 1/2-1/2


[Site "https://www.chess.com"]

[Event "Titled Tuesday Blitz July 25 Early 2023"]
[White "Pershina, Elena"]
[Black "Yurtseven, Melih"]
[WhiteFideId "24147516"]
[BlackFideId "6312160"]
[WhiteElo "2410"]
[BlackElo "2543"]
[Result "1-0"]
[Round "5"]
[TimeControl "180+2"]
[Date "2023.07.25"]
[WhiteClock "0:00:12"]
[BlackClock "0:00:00"]
[Board "124"]

1. c4 Nf6 2. g3 g6 3. Bg2 Bg7 4. Nc3 O-O 5. d4 d6 6. h3 Nbd7 7. Nf3 e5 8. O-O exd4 9. Nxd4 Re8 10. e4 Nc5 11. Re1 Ne6 12. Be3 Nxd4 13. Bxd4 Be6 14. b3 a6 15. Rc1 Rb8 16. Nd5 Bxd5 17. cxd5 Nd7 18. Bxg7 Kxg7 19. Qc2 Rc8 20. Kh2 h5 21. Qc3+ Qf6 22. f4 Re7 23. b4 Nb6 24. e5 dxe5 25. fxe5 Qf5 26. Qd4 Kg8 27. e6 Rd8 28. Rxc7 Rxc7 29. Qxb6 Rcc8 30. e7 Re8 31. d6 Rc2 32. Qxb7 Rd2 33. Qc6 Kh7 34. Qxe8 Qf2 35. Qc6 h4 36. e8=Q 1-0


[Site "https://www.chess.com"]

[Event "Titled Tuesday Blitz July 25 Early 2023"]
[White "Souleidis, Georgios"]
[Black "Willy, Stephen"]
[WhiteFideId "4206827"]
[BlackFideId "30981468"]
[WhiteElo "2542"]
[BlackElo "2409"]
[Result "1-0"]
[Round "5"]
[TimeControl "180+2"]
[Date "2023.07.25"]
[WhiteClock "0:00:51"]
[BlackClock "0:00:35"]
[Board "125"]

1. e4 c5 2. Nf3 a6 3. c3 g6 4. d4 cxd4 5. cxd4 d5 6. e5 Bg4 7. Nbd2 Nc6 8. h3 Bxf3 9. Nxf3 e6 10. Bd2 Nge7 11. Bd3 Bg7 12. O-O O-O 13. Rc1 Rc8 14. a3 f6 15. exf6 Bxf6 16. Bc3 Nf5 17. Bb1 Qb6 18. Bxf5 exf5 19. Re1 Rce8 20. Qd3 Re4 21. Nd2 Rxe1+ 22. Rxe1 Bxd4 23. Bxd4 Qxd4 24. Qe2 Qxb2 25. Qe6+ Kg7 26. Nf3 Qf6 27. Qxd5 Rd8 28. Qb3 Rd7 29. Re6 Qa1+ 30. Kh2 Qd1 31. Qc3+ Kg8 32. Re8+ Kf7 33. Qh8 Qd6+ 34. g3 Re7 35. Ng5# 1-0


[Site "https://www.chess.com"]